 Dungeon Crawl Stone Soup version 0.22-a0-782-g038298e (webtiles) character file.

64446 EnegeticOcto the Fighter (level 15, -8/130 HPs)
             Began as an Octopode Transmuter on July 19, 2018.
             Killed by divine providence
             ... invoked by a meliai
              (12 damage)
             ... on level 14 of the Dungeon.
             The game lasted 01:41:59 (44148 turns).

EnegeticOcto the Fighter (Octopode Transmuter)     Turns: 44148, Time: 01:42:00

Health: -8/130     AC:  7    Str: 11    XL:     15   Next: 13%
Magic:  20/27      EV: 16    Int: 23    God:
Gold:   1704       SH:  4    Dex: 13    Spells: 8/30 levels left

rFire    . . .     SeeInvis .     - Unarmed
rCold    + + +     Gourm    .   (shield currently unavailable)
rNeg     + . .     Faith    .   (helmet currently unavailable)
rPois    +         Spirit   .   s - +4 amulet of reflection
rElec    .         Reflect  +   w - ring of resist corrosion
rCorr    +         Harm     .   x - ring of wizardry
MR       +....                  i - ring of flight
Stlth    +++.......             z - ring of protection from fire
HPRegen  0.31/turn              K - +3 ring of intelligence
MPRegen  0.20/turn              Q - ring of positive energy
                                (no ring)
                                (no ring)

@: ice-form, very slightly contaminated
A: large, almost no armour, stealthy swim, amphibious, 8 rings, (constrict 8)
a: End Transformation, Evoke Flight


You were on level 14 of the Dungeon.
You were not hungry.
You were a creature of crystalline ice.
You visited 4 branches of the dungeon, and saw 23 of its levels.
You also visited: Labyrinth.

You collected 1704 gold pieces.

Inventory:

Missiles
 a - 254 arrows
 b - 742 stones (quivered)
 g - 23 javelins
 j - 3 throwing nets {!f}
Armour
 p - a +0 buckler (melded)
Magical Staves
 m - an uncursed staff of wizardry
 E - an uncursed staff of earth
Jewellery
 i - a ring of flight (on tentacle)
 s - a +4 amulet of reflection (around neck)
 w - a ring of resist corrosion (left front paw)
 x - a ring of wizardry (right front paw)
 z - a ring of protection from fire (on tentacle)
 B - an uncursed ring of ice
 K - a +3 ring of intelligence (on tentacle)
 Q - a ring of positive energy (on tentacle)
Wands
 u - a wand of scattershot (5)
 y - a wand of iceblast (14)
 A - a wand of disintegration (24)
 F - a wand of digging (4)
 I - a wand of acid (15)
 N - a wand of flame (21)
Scrolls
 e - 3 scrolls of teleportation
 f - 3 scrolls of amnesia
 k - 2 scrolls of magic mapping
 o - 13 scrolls of remove curse
 t - 3 scrolls of fear
 C - 2 scrolls of vulnerability
 G - 2 scrolls of blinking
 J - 4 scrolls of identify
 L - a scroll of summoning
Potions
 d - 4 potions of flight
 l - 2 potions of agility
 n - 3 potions of haste
 q - 3 potions of might
 r - a potion of magic
 D - 2 potions of invisibility
 M - a potion of ambrosia
Miscellaneous
 h - a box of beasts
 v - a lamp of fire
 H - a fan of gales
 O - a phial of floods
Comestibles
 c - 30 rations


   Skills:
 + Level 12.9 Fighting
 + Level 11.1 Dodging
 - Level 6.0 Stealth
 - Level 4.0 Shields
 + Level 12.7 Unarmed Combat
 - Level 8.0 Spellcasting
 - Level 8.0 Charms
 + Level 9.9 Transmutations


You had 8 spell levels left.
You knew the following spells:

 Your Spells              Type           Power        Failure   Level  Hunger
a - Beastly Appendage     Tmut           ######       1%          1    None
b - Sticks to Snakes      Tmut           ######..     1%          2    None
c - Spider Form           Tmut/Pois      ####......   1%          3    None
d - Swiftness             Chrm/Air       ####....     1%          2    None
e - Ice Form              Ice/Tmut       ####....     3%          4    ###....
f - Petrify               Tmut/Erth      ####....     3%          4    ###....
g - Deflect Missiles      Chrm/Air       ####......   58%         6    ######.

Your spell library contained the following spells:

 Spells                   Type           Power        Failure   Level  Hunger
 Cause Fear               Hex            #.........   26%         4    ###....
 Lightning Bolt           Conj/Air       #.........   56%         5    #####..
 Confuse                  Hex            #.......     9%          3    None
 Summon Ice Beast         Ice/Summ       #.......     26%         4    ###....
 Tukima's Dance           Hex            #.......     9%          3    None
 Corpse Rot               Necr           N/A          4%          2    None
 Stone Arrow              Conj/Erth      #.....       9%          3    None
 Shock                    Conj/Air       #...         2%          1    None
 Blade Hands              Tmut           ######....   1%          5    #####..
 Airstrike                Air            #.........   26%         4    ###....
 Confusing Touch          Hex            #.....       2%          1    None
 Call Canine Familiar     Summ           #.......     9%          3    None
 Ensorcelled Hibernation  Hex/Ice        #.....       4%          2    None
 Metabolic Englaciation   Hex/Ice        #.........   56%         5    #####..
 Summon Butterflies       Summ           #.......     2%          1    None
 Silence                  Hex/Air        #.........   56%         5    #####..
 Static Discharge         Conj/Air       #.......     9%          3    None
 Corona                   Hex            #......      2%          1    None
 Leda's Liquefaction      Hex/Erth       #.........   26%         4    ###....
 Summon Hydra             Summ           #.........   100%        7    #######
 Dazzling Spray           Conj/Hex       #.....       9%          3    None
 Discord                  Hex            #.........   100%        8    #######
 Summon Forest            Summ/Tloc      #.........   56%         5    #####..
 Summon Mana Viper        Hex/Summ       #.......     56%         5    #####..
 Hydra Form               Tmut           ######....   8%          6    ######.
 Gell's Gravitas          Tloc           #.........   9%          3    None
 Yara's Violent Unravell  Hex/Tmut       ####......   11%         5    #####..


Dungeon Overview and Level Annotations

Branches:
Dungeon (14/15)            Temple (1/1) D:6            Lair (6/6) D:9
 Shoals (0/4) Lair:4        Snake (0/4) Lair:3        Slime (2/5) Lair:6
    Orc (0/2) D:12         Vaults (0/5) D:13

Altars:
Ashenzari
Cheibriados
Dithmenos
Elyvilon
Fedhas
Gozag
Hepliaklqana
Kikubaaqudgha
Makhleb
Nemelex Xobeh
Okawaru
Qazlal
Ru
Sif Muna
Trog
Uskayaw
Vehumet
Wu Jian
Xom
Yredelemnul
Zin
The Shining One
Beogh

Shops:
D:10 %   D:12 [   D:13 [

Annotations:
D:9 9 runed doors, Tiareth's ghost, novice TrTm
D:10 Snorg
Lair:2 exclusion: 4 oklob plants


Innate Abilities, Weirdness & Mutations

You cannot wear most types of armour.
You are very stealthy in the water. (Stealth+)
You are amphibious.
You can wear up to eight rings at the same time.
((You can use your tentacles to constrict eight enemies at once.))
((Your skin changes colour to match your surroundings (Stealth+).))
((Your rubbery body absorbs attacks. (AC +1, EV +1)))


Message History

The meliai is healed somewhat.
The bullfrog croaks.
Okay, then.
The meliai closely misses you. x2
Okay, then.
You open the door.
An efreet comes into view. It is wielding a scimitar of flaming.
The meliai hits you with a hand axe!
* * * LOW HITPOINT WARNING * * *
The meliai barely misses you.
Found 21 gold pieces and a potion of heal wounds.
You flicker for a moment.
There is an open door here.
You see here 21 gold pieces.
You feel a bit more experienced.
You flicker back into view.
You open the door.
The meliai calls down the wrath of its god upon you.
Something smites you!
You die...

# #.......yy..#
.... #
###........F#
+## #.(...y...#
###.####### #..#
## ####'#######
.# #..........#
### .#
#..R..$....#...+
+ #.......y.Y'.#
+..........###
#..!.......#
#..........#
############


You could see an efreet (sleeping) and a meliai.

Vanquished Creatures
  2 entropy weavers (Lair:5)
  A dire elephant (Lair:5)
  Josephine (Lair:5)
  3 vault guards (D:13)
  4 hydras
  A centaur warrior (D:14)
  A merfolk avatar (Lair:6)
  A queen ant (Lair:5)
  Urug (D:13)
  Nergalle (Lair:3)
  5 skeletal warriors (D:12)
  2 unseen horrors
  A lindwurm (Lair:5)
  2 orc knights (D:13)
  2 cyclopes
  2 manticores (Lair:6)
  2 ugly things (D:13)
  12 elephants
  4 centaur zombies
  5 black mambas
  5 spiny frogs
  5 rime drakes
  An efreet (D:13)
  2 tengu conjurers (D:13)
  8 komodo dragons
  4 trolls
  4 hornets
  10 polar bears
  Prince Ribbit (D:9)
  16 blink frogs
  7 hippogriffs
  A shadow (D:11)
  5 wyverns
  4 hogs (D:7)
  2 vampires
  25 yaks
  3 wraiths (Lair:5)
  3 humans
  5 basilisks
  A hungry ghost (D:12)
  6 nagas (Lair:3)
  A soldier ant (shapeshifter) (D:13)
  25 soldier ants (Lair:5)
  An acid dragon (shapeshifter) (D:14)
  6 porcupines
  12 water moccasins
  A swamp drake (D:12)
  An ice beast (D:12)
  7 black bears
  8 orc warriors
  2 phantoms
  4 sky beasts
  A necrophage (D:9)
  An eye of draining (D:11)
  8 ogres
  5 wolves
  10 centaurs
  14 crocodiles
  4 big kobolds
  A gnoll sergeant (D:6)
  13 bullfrogs
  A wyvern skeleton (D:13)
  A water moccasin zombie (D:10)
  3 scorpions
  9 wights
  14 killer bees
  2 howler monkeys
  3 bullfrog zombies
  6 crimson imps
  2 quasits
  A bullfrog skeleton (D:8)
  8 hounds
  15 orc priests
  5 jellies
  14 orc wizards
  8 centaur skeletons
  28 worker ants
  3 iguanas (D:4)
  3 killer bee zombies
  A hound skeleton (D:6)
  Robin (D:4)
  9 gnolls
  18 adders
  A howler monkey skeleton (D:4)
  An ooze (D:1)
  An adder skeleton (D:9)
  2 worms
  3 dart slugs
  5 leopard geckos
  85 orcs
  3 ball pythons
  6 bats
  6 giant cockroaches
  16 goblins
  8 hobgoblins
  6 jackals
  5 quokkas
  4 frilled lizards
  A jackal skeleton (D:5)
  17 kobolds
  5 rats
  2 butterflies (D:6)
  A plant (Lair:5)
629 creatures vanquished.

Vanquished Creatures (collateral kills)
  A hydra (Lair:6)
  An elephant (D:9)
  Psyche (D:8)
  A yaktaur (D:13)
  A meliai (D:14)
  Grinder (D:5)
  A water moccasin (D:9)
  2 orcs
9 creatures vanquished.

Vanquished Creatures (others)
  A bullfrog (D:7)
  A worker ant (D:7)
  A hound skeleton (D:7)
  A giant cockroach (D:7)
  16 fungi
  11 plants
31 creatures vanquished.

Grand Total: 669 creatures vanquished

Notes
Turn   | Place    | Note
-------+----------+-------------------------------------------
     0 | D:1      | EnegeticOcto the Octopode Transmuter began the quest for the Orb.
     0 | D:1      | Reached XP level 1. HP: 13/13 MP: 3/3
   237 | D:1      | Reached XP level 2. HP: 18/18 MP: 3/5
   274 | D:1      | Learned a level 2 spell: Sticks to Snakes
   294 | D:1      | Found a shimmering altar of Xom.
   796 | D:1      | Reached XP level 3. HP: 19/24 MP: 6/6
  1116 | D:1      | Learned a level 3 spell: Spider Form
  1374 | D:2      | Found a sparkling altar of Nemelex Xobeh.
  1864 | D:2      | Reached skill level 1 in Stealth
  2043 | D:2      | Reached XP level 4. HP: 24/29 MP: 5/7
  2814 | D:3      | Reached XP level 5. HP: 35/35 MP: 8/8
  4042 | D:4      | Reached XP level 6. HP: 34/42 MP: 6/9
  4111 | D:4      | Found a hide-covered altar of Uskayaw.
  4321 | D:4      | Found a burning altar of Makhleb.
  4332 | D:4      | Found a shattered altar of Ashenzari.
  4335 | D:4      | Found an ancient bone altar of Kikubaaqudgha.
  4790 | D:4      | Noticed Robin
  4824 | D:4      | Killed Robin
  5266 | D:4      | Reached XP level 7. HP: 39/46 MP: 10/10
  5420 | D:5      | Entered Level 5 of the Dungeon
  5424 | D:5      | Learned a level 2 spell: Swiftness
  5435 | D:5      | Reached skill level 1 in Shields
  6339 | D:5      | Found an opulent altar of Gozag.
  6549 | D:5      | Noticed Grinder
  6562 | D:5      | Killed Grinder
  6562 | D:5      | Reached skill level 5 in Stealth
  6562 | D:5      | Reached skill level 5 in Unarmed Combat
  7130 | D:5      | Reached XP level 8. HP: 48/54 MP: 7/11
  7711 | D:6      | Reached skill level 5 in Transmutations
  8419 | D:6      | Found a staircase to the Ecumenical Temple.
  8425 | Temple   | Entered the Ecumenical Temple
  8958 | D:7      | Reached skill level 5 in Fighting
  9177 | D:7      | Reached XP level 9. HP: 21/61 MP: 8/12
  9774 | D:7      | Killed an unseen horror
 10666 | D:8      | Reached XP level 10. HP: 63/69 MP: 15/15
 11054 | D:8      | Noticed Psyche
 11063 | D:8      | Killed Psyche
 12443 | D:8      | Reached skill level 5 in Spellcasting
 13078 | D:8      | Found a roughly hewn altar of Beogh.
 14170 | D:9      | Found a runed gate.
 14172 | D:9      | Found a runed gate.
 14172 | D:9      | Found a runed gate.
 14388 | D:9      | Reached skill level 5 in Dodging
 14393 | D:9      | Reached XP level 11. HP: 44/77 MP: 16/20
 14547 | D:9      | Learned a level 4 spell: Ice Form
 14603 | D:9      | Found a staircase to the Lair.
 15038 | D:9      | Noticed Tiareth's ghost (novice TrTm)
 15607 | D:10     | Entered Level 10 of the Dungeon
 16017 | D:10     | Noticed Snorg
 16028 | D:10     | Found an opulent altar of Gozag.
 17078 | D:10     | Found Jaraerr's Food Boutique.
 17125 | D:10     | Found the +8 demon blade "Leech" {vamp, rN+ AC-3 EV-3}
 17195 | Lair:1   | Entered Level 1 of the Lair of Beasts
 18284 | D:9      | Found a staircase to the Lair.
 18292 | D:9      | Found a runed gate.
 18293 | D:9      | Found a runed gate.
 18294 | D:9      | Found a runed gate.
 18571 | Lair:1   | Noticed Prince Ribbit
 18593 | D:9      | Killed Prince Ribbit
 18999 | D:9      | Found a runed gate.
 18999 | D:9      | Found a runed gate.
 18999 | D:9      | Found a runed gate.
 19836 | Lair:1   | Reached XP level 12. HP: 63/85 MP: 20/24
 20270 | Lair:1   | Reached skill level 10 in Unarmed Combat
 22135 | Lair:2   | Learned a level 4 spell: Petrify
 22512 | Lair:3   | Reached skill level 1 in Charms
 22809 | Lair:3   | Reached skill level 10 in Fighting
 23028 | Lair:3   | Noticed a seven-headed hydra
 23285 | Lair:3   | Noticed Nergalle
 23297 | Lair:3   | Killed Nergalle
 24166 | Lair:3   | Killed a seven-headed hydra
 24816 | Lair:3   | Found a staircase to the Snake Pit.
 25003 | Lair:4   | Noticed an eight-headed hydra
 25299 | Lair:4   | HP: 5/108 [basilisk (9)]
 25819 | Lair:4   | Reached XP level 13. HP: 81/95 MP: 22/25
 26143 | Lair:4   | Found a staircase to the Shoals.
 29654 | Lair:5   | Noticed an entropy weaver
 29794 | Lair:5   | Reached skill level 5 in Charms
 29800 | Lair:5   | Noticed Josephine
 29819 | Lair:5   | Killed Josephine
 29903 | Lair:5   | Noticed an entropy weaver
 30238 | Lair:5   | Killed an entropy weaver
 30844 | Lair:5   | Killed an entropy weaver
 31341 | Lair:6   | Entered Level 6 of the Lair of Beasts
 31476 | Lair:6   | HP: 1/115 [manticore (13)]
 31872 | Lair:6   | Noticed a dire elephant
 31919 | Lair:5   | Killed a dire elephant
 33039 | Lair:6   | Reached XP level 14. HP: 102/102 MP: 21/26
 33372 | Lair:6   | Reached skill level 10 in Dodging
 34109 | Lair:6   | Found a staircase to the Slime Pits.
 34115 | Slime:1  | Entered Level 1 of the Pits of Slime
 34120 | Slime:2  | Noticed an azure jelly
 35668 | D:11     | Found a labyrinth entrance.
 35700 | Lab      | Entered a labyrinth
 36727 | D:11     | Learned a level 6 spell: Deflect Missiles
 38186 | D:12     | Found Wucs's Antique Armour Shoppe.
 38778 | D:12     | Found a staircase to the Orcish Mines.
 40408 | D:13     | Noticed Urug
 40458 | D:13     | Killed Urug
 42471 | D:13     | Reached XP level 15. HP: 89/109 MP: 23/27
 42477 | D:13     | Found a gate to the Vaults.
 43015 | D:13     | Found Ariut's Antique Armour Boutique.
 44140 | D:14     | HP: 2/130 [meliai/hand axe (9)]
 44148 | D:14     | Killed from afar by a meliai

Vault maps used:
D:1:      dpeg_arrival_radiant, xom_teletrap_fun
D:2:      serial_co_window_serial, co_window_corner_a, co_window_paths_a,
          co_window_paths_b, co_window_paths_a, co_window_paths_b,
          co_window_corner_a, co_window_unsneaky_path_d, co_window_corner_cb,
          co_window_corner_ca, co_window_broadway_a, co_window_corner_b,
          co_window_broadway_a, co_window_unsneaky_path_d, glass_columns_c,
          nemelex_xobeh_ov_fountains_minmay
D:3:      corexii_item_surrounded_by_moat
D:4:      grunt_temple_overflow_open, eat_drink_and_be_merry_uskayaw,
          first_ration, corexii_corridor_pit, uniq_robin
D:5:      nicolae_gozag_seed_capital, uniq_grinder
D:6:      minmay_temple_entry_butterflies, kennysheep_dice
D:7:      grunt_livestock, lemuel_old_faithful
D:8:      special_room, uniq_psyche
D:9:      david_lair_generic, gammafunk_ghost_icy
D:10:     serial_shops, kennysheep_mini, basic_altar, lightli_orcish_oven,
          uniq_snorg
D:11:     lab_entry_generic, st_stairs_8, roderic_lattice_a
D:12:     erik_orc_1, serial_shops, nicolae_shop_behind_doors
D:13:     grunt_vaults_entry_fortified, serial_shops, shop, uniq_urug
D:14:     kennysheep_cluttered_room, serial_shops, shop_statue
Temple:   regret_index_temple_mists
Lair:1:   beast_lair_carwin_large_1, uniq_prince_ribbit2
Lair:2:   minmay_lair_oklob_chamber, grunt_megastairs_4
Lair:3:   minmay_snake_entry_guardpost_medium, grunt_megastairs_5, uniq_nergalle
Lair:4:   minmay_shoals_entry_centaurs, grunt_megastairs_3
Lair:5:   minivault_29, uniq_josephine
Lair:6:   gammafunk_lair_ancient_temple, dpeg_slime_entry_corner
Lab:      labyrinth_hidden_loot

Skill      XL: |  1  2  3  4  5  6  7  8  9 10 11 12 13 14 15 |
---------------+----------------------------------------------+-----
Fighting       | 2 3 4 5 6 7 9 11 12 | 12.9
Stealth        | 1 2 3 4 5 6 |  6.0
Transmutations | 3 4 5 6 8 9 |  9.9
Unarmed Combat | 4 5 6 7 8 9 10 11 12 | 12.7
Shields        | 2 3 4 |  4.0
Spellcasting   | 3 6 8 |  8.0
Dodging        | 3 5 7 8 9 10 11 | 11.1
Charms         | 3 6 8 |  8.0

Action                   |  1- 3 |  4- 6 |  7- 9 | 10-12 | 13-15 || total
-------------------------+-------+-------+-------+-------+-------++-------
Melee: Unarmed           |    77 |   124 |   274 |   838 |  1054 ||  2367
       Constrict         |    13 |    11 |    16 |    29 |    20 ||    89
       Kick              |     5 |     5 |     7 |    10 |     2 ||    29
       Tentacles         |     9 |     8 |    14 |    30 |    32 ||    93
       Punch             |     3 |       |     4 |     7 |    18 ||    32
Throw: Stone             |    95 |    48 |    79 |   188 |    95 ||   505
       Javelin           |       |     2 |     5 |     8 |       ||    15
 Cast: Beastly Appendage |     8 |     8 |     5 |     7 |     2 ||    30
       Spider Form       |     1 |    13 |    29 |    63 |    61 ||   167
       Sticks to Snakes  |       |       |     6 |     7 |    64 ||    77
       Ice Form          |       |       |       |    32 |    68 ||   100
       Swiftness         |       |       |       |     5 |     2 ||     7
       Petrify           |       |       |       |     2 |     2 ||     4
 Abil: End Transformatio |       |       |       |       |     2 ||     2
       Evoke Flight      |       |       |       |       |     1 ||     1
Evoke: Wand              |       |       |       |    28 |    27 ||    55
       Lamp of fire      |       |       |       |     1 |     1 ||     2
  Use: Scroll            |       |     7 |     5 |    12 |     8 ||    32
       Potion            |       |       |     2 |     8 |     7 ||    17
 Stab: Sleeping          |       |     5 |     4 |     1 |    11 ||    21
       Distracted        |       |       |       |     3 |     7 ||    10
  Eat: Chunk             |     4 |    12 |    18 |    42 |    39 ||   115
       Ration            |       |       |     1 |     4 |     8 ||    13
Armor: Skin              |     8 |     5 |     6 |   101 |    85 ||   205
Dodge: Dodged            |    45 |    76 |   150 |   586 |   641 ||  1498
Block: Other             |       |     5 |    21 |   108 |   129 ||   263
       Buckler           |       |     2 |    26 |    54 |    58 ||   140
       Reflection        |       |       |       |    10 |     2 ||    12

Table legend:
 A = Spawn XP
 B = Non-spawn XP
 C = Spawn XP percentage of total XP
 D = Spawn monster count
 E = Non-spawn monster count
 F = Spawn count percentage of total count
 G = Total turns spent on level
                    A         B        C        D         E        F      G
               +---------+---------+-------+---------+---------+-------+---------
         Total |       0 |   92066 |   0.0 |       0 |     635 |   0.0 | 44148
               +---------+---------+-------+---------+---------+-------+---------
           D:1 |       0 |      37 |   0.0 |       0 |      17 |   0.0 |  1248
           D:2 |       0 |      60 |   0.0 |       0 |      18 |   0.0 |  1183
           D:3 |       0 |     201 |   0.0 |       0 |      23 |   0.0 |  1326
           D:4 |       0 |     329 |   0.0 |       0 |      33 |   0.0 |  1926
           D:5 |       0 |     606 |   0.0 |       0 |      24 |   0.0 |  1595
           D:6 |       0 |     724 |   0.0 |       0 |      19 |   0.0 |  1875
           D:7 |       0 |    2653 |   0.0 |       0 |      22 |   0.0 |  1726
           D:8 |       0 |    2113 |   0.0 |       0 |      54 |   0.0 |  2515
           D:9 |       0 |    5802 |   0.0 |       0 |      72 |   0.0 |  4190
          D:10 |       0 |    3171 |   0.0 |       0 |      38 |   0.0 |  1561
          D:11 |       0 |    4561 |   0.0 |       0 |      41 |   0.0 |  1565
          D:12 |       0 |    9541 |   0.0 |       0 |      52 |   0.0 |  2165
          D:13 |       0 |   10882 |   0.0 |       0 |      30 |   0.0 |  3315
          D:14 |       0 |    3140 |   0.0 |       0 |       9 |   0.0 |   743
        Lair:1 |       0 |    4679 |   0.0 |       0 |      20 |   0.0 |  2094
        Lair:2 |       0 |    2063 |   0.0 |       0 |      12 |   0.0 |  1950
        Lair:3 |       0 |    8467 |   0.0 |       0 |      26 |   0.0 |  2502
        Lair:4 |       0 |    4358 |   0.0 |       0 |      19 |   0.0 |  3347
        Lair:5 |       0 |   16612 |   0.0 |       0 |      67 |   0.0 |  4025
        Lair:6 |       0 |   12067 |   0.0 |       0 |      39 |   0.0 |  2459
               +---------+---------+-------+---------+---------+-------+---------
